 Dungeon Crawl Stone Soup version 0.21.1-1-g345015fe64 (webtiles) character file.

7954 Oravi the Slinger (level 11, -9/73 HPs)
             Began as a Halfling Fighter on Mar 23, 2018.
             Was an Elder of Okawaru.
             Mangled by a two-headed ogre
             ... wielding a +0 giant club
              (14 damage)
             ... on level 9 of the Dungeon on Mar 24, 2018.
             The game lasted 01:30:22 (12106 turns).

Oravi the Slinger (Halfling Fighter)               Turns: 12106, Time: 01:30:22

Health: -9/73      AC: 17    Str: 16    XL:     11   Next: 46%
Magic:  13/13      EV: 14    Int:  6    God:    Okawaru [****..]
Gold:   363        SH: 16    Dex: 20    Spells: 10/10 levels left

rFire    . . .     SeeInvis .   a - +1 rapier
rCold    . . .     Gourm    .   c - +0 shield
rNeg     . . .     Faith    .   n - +5 ring mail
rPois    +         Spirit   .   o - +2 helmet
rElec    .         Reflect  .   (no cloak)
rCorr    .         Harm     .   t - +1 pair of gloves
MR       .....                  (no boots)
Stlth    +.........             (no amulet)
HPRegen  0.22/turn              q - +3 ring of dexterity
MPRegen  0.13/turn              v - ring of poison resistance

@: no status effects
A: small, large bone plates 1, mutation resistance 1, weak 1
a: Heroism, Renounce Religion


You were on level 9 of the Dungeon.
You worshipped Okawaru.
Okawaru was greatly pleased with you.
You were hungry.

You visited 1 branch of the dungeon, and saw 10 of its levels.

You collected 601 gold pieces.
You spent 238 gold pieces at shops.

Inventory:

Hand Weapons
 a - a +1 rapier (weapon)
 b - a +0 hunting sling
 p - a +1 dagger of venom
 w - a cursed -2 dagger
Missiles
 m - 82 sling bullets
 r - 279 stones (quivered)
 A - 2 throwing nets
Armour
 c - a +0 shield (worn)
 n - a +5 ring mail (worn)
 o - a +2 helmet (worn)
 s - a +0 scale mail
 t - a +1 pair of gloves (worn)
 z - a +0 hat of magic resistance
Jewellery
 q - a +3 ring of dexterity (left hand)
 v - a ring of poison resistance (right hand)
 C - an uncursed ring of poison resistance
Wands
 g - a wand of acid (8)
 i - a wand of disintegration (18)
 u - a wand of iceblast (6)
Scrolls
 d - 2 scrolls of remove curse
 x - 2 scrolls of identify
 y - a scroll of magic mapping
Potions
 e - 3 potions of flight
 h - 2 potions of curing
 j - 3 potions of cancellation
 l - a potion of magic
Books
 k - a book of Air

   Spells                             Type                      Level
   a - Shock                          Conjuration/Air              1
   b - Swiftness                      Charms/Air                   2
   c - Static Discharge               Conjuration/Air              3
   d - Airstrike                      Air                          4
   e - Lightning Bolt                 Conjuration/Air              5
 B - a book of Debilitation

   Spells                             Type                      Level
   a - Corona                         Hexes                        1
   b - Slow                           Hexes                        2
   c - Inner Flame                    Hexes/Fire                   3
   d - Portal Projectile              Hexes/Translocation          3
   e - Cause Fear                     Hexes                        4
   f - Leda's Liquefaction            Hexes/Earth                  4
Comestibles
 f - 13 rations


   Skills:
 + Level 6.3 Fighting
 + Level 10.9 Short Blades
 + Level 11.2 Slings
 + Level 6.6 Armour
 + Level 4.1 Dodging
 + Level 8.3 Shields
 * Level 3.8 Evocations


You had 10 spell levels left.
You didn't know any spells.

Dungeon Overview and Level Annotations

Branches:
Dungeon (10/15)            Temple (0/1) D:7            Lair (0/6) D:9
    Orc: D:9-12

Altars:
Ashenzari
Dithmenos
Elyvilon
Okawaru
Qazlal
Sif Muna
Uskayaw
Yredelemnul
Zin
The Shining One

Shops:
D:7 *   D:8 :(:**   D:9 *(}


Innate Abilities, Weirdness & Mutations

You are small and have problems with some larger weapons.
You are somewhat resistant to further mutation.
You are partially covered in large bone plates. (SH +4)
You are weak. (Str -2)


Message History

You hit the two-headed ogre.
The two-headed ogre is severely wounded.
You hit the two-headed ogre but do no damage.
The two-headed ogre is severely wounded.
The two-headed ogre hits you with a giant club!
* * * LOW HITPOINT WARNING * * *
The two-headed ogre hits you but does no damage.
You completely miss the two-headed ogre.
The two-headed ogre is severely wounded.
You hit the two-headed ogre.
The two-headed ogre is severely wounded.
You block the two-headed ogre's attack.
The two-headed ogre hits you with a giant spiked club.
* * * LOW HITPOINT WARNING * * *
You puncture the two-headed ogre!
The two-headed ogre is almost dead.
You hit the two-headed ogre.
The two-headed ogre is almost dead.
The two-headed ogre hits you with a giant club!
You die...

##### #...# #...# #...#
#...# #...#
#..)#######################
................@.........#
.................O........#
..8.8.8................(..#
...⌠.⌠....................#
..8.∩.8...................#
...⌠.⌠....................#
..8.8.8...................#
..........................#
..........................#


You could see a two-headed ogre.

Vanquished Creatures
  Gastronok (D:8)
  2 two-headed ogres
  An ugly thing (D:8)
  An elephant (D:8)
  A merfolk (D:9)
  A polar bear (D:9)
  A hippogriff (D:8)
  A yak (D:7)
  The ghost of LordM the Conjurer, an amateur DrCj (D:4)
  A water moccasin (D:5)
  A black bear (D:7)
  The ghost of tensugalgo the Sneak, an amateur NaAs (D:3)
  A phantom (D:8)
  A sky beast (D:8)
  2 ice beasts (D:9)
  2 wolves (D:10)
  3 centaurs
  4 ogres
  2 crocodiles (D:9)
  A big kobold (D:8)
  6 bullfrogs
  A wyvern skeleton (D:9)
  A hornet simulacrum (D:10)
  2 water moccasin skeletons
  A howler monkey (D:8)
  2 bullfrog zombies
  3 hounds
  A quasit (D:7)
  7 orc wizards
  6 orc priests
  2 iguanas
  2 bullfrog skeletons
  2 centaur skeletons
  4 worker ants
  2 hound skeletons
  A worker ant zombie (D:8)
  A howler monkey zombie (D:10)
  9 adders
  5 gnolls
  A howler monkey skeleton (D:5)
  2 white imps (D:9)
  A worker ant simulacrum (D:10)
  2 oozes
  An adder skeleton (D:9)
  2 dart slugs
  3 leopard geckos
  10 orcs
  5 bats
  3 giant cockroaches
  12 hobgoblins
  10 jackals
  15 kobolds
  4 quokkas
  A ball python (D:2)
  2 frilled lizards
  7 goblins
  2 quokka skeletons
  4 rats
174 creatures vanquished.

Notes
Turn   | Place    | Note
-------+----------+-------------------------------------------
     0 | D:1      | Oravi the Halfling Fighter began the quest for the Orb.
     0 | D:1      | Reached XP level 1. HP: 15/15 MP: 1/1
   162 | D:1      | Reached XP level 2. HP: 12/20 MP: 2/2
   512 | D:1      | Reached XP level 3. HP: 25/25 MP: 3/3
  1072 | D:2      | Reached XP level 4. HP: 29/31 MP: 4/4
  1855 | D:3      | Found a stormy altar of Qazlal.
  2373 | D:3      | Noticed tensugalgo's ghost (amateur NaAs)
  2400 | D:3      | Killed tensugalgo's ghost
  2400 | D:3      | Reached skill level 1 in Dodging
  2400 | D:3      | Reached XP level 5. HP: 33/36 MP: 5/5
  2611 | D:4      | Reached XP level 6. HP: 42/42 MP: 6/6
  2624 | D:4      | Noticed LordM's ghost (amateur DrCj)
  2664 | D:4      | HP: 2/42 [LordM's ghost (4)]
  3036 | D:4      | Reached skill level 5 in Short Blades
  3090 | D:4      | Killed LordM's ghost
  3090 | D:4      | Reached XP level 7. HP: 5/46 MP: 7/7
  3398 | D:4      | Found a white marble altar of Elyvilon.
  3399 | D:4      | Found a hide-covered altar of Uskayaw.
  3422 | D:4      | Found a glowing silver altar of Zin.
  3825 | D:4      | HP: 2/46 [ogre/giant club (24)]
  4227 | D:3      | Gained mutation: You are weak. (Str -2) [potion of mutation]
  4227 | D:3      | Gained mutation: You are partially covered in large bone plates. (SH +4) [potion of mutation]
  4329 | D:5      | Entered Level 5 of the Dungeon
  4473 | D:5      | Noticed a water moccasin
  4490 | D:5      | Killed a water moccasin
  4490 | D:5      | Reached skill level 5 in Armour
  4490 | D:5      | Reached skill level 5 in Shields
  4675 | D:5      | Reached XP level 8. HP: 47/54 MP: 8/8
  6040 | D:6      | Found a glowing golden altar of the Shining One.
  6045 | D:6      | Found a basalt altar of Yredelemnul.
  6047 | D:6      | Noticed a profane servitor
  6514 | D:6      | Noticed an angel
  6635 | D:7      | Reached XP level 9. HP: 59/59 MP: 9/9
  6679 | D:7      | Found a staircase to the Ecumenical Temple.
  6702 | D:7      | Reached skill level 1 in Slings
  6895 | D:7      | Reached skill level 2 in Slings
  7137 | D:7      | Reached skill level 3 in Slings
  7158 | D:7      | Found Qotaxube's Assorted Antiques.
  7173 | D:7      | Bought an iron ring for 100 gold pieces
  7198 | D:7      | Reached skill level 4 in Slings
  7289 | D:7      | Found an iron altar of Okawaru.
  7522 | D:7      | Became a worshipper of Warmaster Okawaru
  7578 | D:8      | Noticed a green ugly thing
  7600 | D:8      | Killed a green ugly thing
  7600 | D:8      | Reached * piety under Okawaru
  7600 | D:8      | Reached skill level 5 in Slings
  7686 | D:8      | Found a shadowy altar of Dithmenos.
  7890 | D:8      | Reached skill level 6 in Slings
  7944 | D:8      | Noticed a two-headed ogre
  7966 | D:8      | Killed a two-headed ogre
  7966 | D:8      | Reached skill level 5 in Fighting
  7966 | D:8      | Reached skill level 8 in Slings
  7966 | D:8      | Reached XP level 10. HP: 30/66 MP: 10/10
  7968 | D:8      | Reached ** piety under Okawaru
  8226 | D:8      | Found Juarug's Book Emporium.
  8306 | D:8      | Found Bayrhuuc's Book Shoppe.
  8312 | D:8      | Found Xohiybrim's Assorted Antiques.
  8338 | D:8      | Found Kiqer's Weapon Boutique.
  8726 | D:9      | Reached skill level 9 in Slings
  8737 | D:9      | Noticed an elephant
  9203 | D:8      | Reached skill level 10 in Short Blades
  9233 | D:8      | Noticed Gastronok
  9596 | D:8      | Found Wuel's General Store.
  9601 | D:8      | Bought a +1 pair of gloves for 138 gold pieces
  9661 | D:8      | Killed Gastronok
  9661 | D:8      | Reached *** piety under Okawaru
  9661 | D:8      | Reached skill level 10 in Slings
  9751 | D:8      | Reached XP level 11. HP: 71/72 MP: 12/12
  9944 | D:8      | Killed an elephant
  9944 | D:8      | Received a gift from Okawaru
 10108 | D:9      | Found a shattered altar of Ashenzari.
 10196 | D:9      | Found Byoczougri's Gadget Shoppe.
 10239 | D:9      | Reached **** piety under Okawaru
 10344 | D:9      | Found a deep blue altar of Sif Muna.
 10370 | D:9      | Found Ruowit's General Store.
 10463 | D:9      | Found a staircase to the Lair.
 10583 | D:9      | Found Geruuvoth's Antique Weapon Emporium.
 10774 | D:10     | Entered Level 10 of the Dungeon
 10812 | D:10     | HP: 3/72 [orc priest/divine providence (15)]
 11182 | D:10     | Noticed a two-headed ogre
 11198 | D:10     | Killed a two-headed ogre
 11198 | D:10     | Reached skill level 11 in Slings
 11575 | D:9      | Received a gift from Okawaru
 11867 | D:10     | Found a hide-covered altar of Uskayaw.
 12053 | D:10     | Noticed a two-headed ogre
 12106 | D:9      | Mangled by a two-headed ogre

Skill      XL: |  1  2  3  4  5  6  7  8  9 10 11 |
---------------+----------------------------------+-----
Short Blades   | 3 4 5 6 8 9 10 | 10.9
Fighting       | 3 4 5 6 |  6.3
Armour         | 4 5 6 |  6.6
Dodging        | 1 2 3 4 |  4.1
Shields        | 4 5 6 7 8 |  8.3
Slings         | 8 10 11 | 11.2
Evocations     | 2 3 |  3.8

Action                   |  1- 3 |  4- 6 |  7- 9 | 10-12 || total
-------------------------+-------+-------+-------+-------++-------
Melee: Rapier            |    80 |   162 |   372 |   290 ||   904
 Fire: Hunting sling     |       |       |    64 |   168 ||   232
Evoke: Wand              |       |       |       |     9 ||     9
  Use: Scroll            |       |     1 |    16 |     5 ||    22
       Potion            |       |       |     5 |     6 ||    11
  Eat: Chunk             |       |     5 |     9 |     4 ||    18
       Ration            |       |     1 |     1 |     3 ||     5
Armor: Scale mail        |    23 |    66 |    28 |       ||   117
       Ring mail         |       |       |    55 |    75 ||   130
Dodge: Dodged            |    24 |    48 |   130 |   101 ||   303
Block: Shield            |    38 |    75 |   234 |   215 ||   562
